[Event "Titled Tuesday Blitz May 17 Late 2022"]
[White "Kavyev, Ruslan"]
[Black "Miszler, Levente"]
[WhiteFideId "34110981"]
[BlackFideId "763276"]
[WhiteElo "2180"]
[BlackElo "1966"]
[Result "1-0"]
[Round "10"]
[TimeControl "180+1"]
[Date "2022.05.17"]
[WhiteClock "0:00:34"]
[BlackClock "0:00:03"]

1. d4 Nf6 2. c4 e6 3. g3 d5 4. Bg2 Be7 5. Nf3 O-O 6. Qc2 c6 7. O-O Nbd7 8. Nbd2 Re8 9. e4 dxe4 10. Nxe4 Nxe4 11. Qxe4 Nf6 12. Qe2 c5 13. Rd1 cxd4 14. Nxd4 Qa5 15. Bd2 Bb4 16. Bxb4 Qxb4 17. Nb5 Rb8 18. a3 Qe7 19. Nxa7 Bd7 20. b4 b6 21. Nc6 Bxc6 22. Bxc6 Red8 23. Rxd8+ Rxd8 24. Rd1 g6 25. Kg2 Rc8 26. Qf3 e5 27. b5 e4 28. Qe3 Qc7 29. a4 h5 30. h4 Kg7 31. Qc3 Qe7 32. Qd4 Rb8 33. Qd6 Qa7 34. Qe5 Qxa4 35. Qxb8 Qxd1 36. Qxb6 Qf3+ 37. Kg1 Ng4 38. Qd4+ Kh7 39. Bxe4 Qb3 40. Kg2 Qb4 41. Bf3 Qb3 42. Bxg4 hxg4 43. Qxg4 Qc3 44. Qe4 Kg8 45. b6 Qb4 46. b7 Qb6 47. Qe8+ Kg7 48. b8=Q Qc6+ 49. Qxc6 1-0


[Site "https://www.chess.com"]

[Event "Titled Tuesday Blitz May 17 Late 2022"]
[White "Keymer, Vincent"]
[Black "Salem, A.R. Saleh"]
[WhiteFideId "12940690"]
[BlackFideId "9301348"]
[WhiteElo "2548"]
[BlackElo "2679"]
[Result "0-1"]
[Round "10"]
[TimeControl "180+1"]
[Date "2022.05.17"]
[WhiteClock "0:00:19"]
[BlackClock "0:00:09"]

1. Nf3 Nf6 2. c4 e6 3. Nc3 d5 4. e3 c6 5. b3 Bd6 6. Bb2 Nbd7 7. Qc2 a6 8. d4 b6 9. Bd3 Bb7 10. O-O Rc8 11. e4 dxe4 12. Nxe4 Nxe4 13. Bxe4 Nf6 14. c5 Nxe4 15. Qxe4 Be7 16. Rfe1 O-O 17. Rad1 a5 18. Ne5 Qc7 19. Rd3 Rcd8 20. Rg3 f5 21. Qe2 Bf6 22. Nc4 bxc5 23. dxc5 Bxb2 24. Qxb2 f4 25. Rg4 Rd5 26. Nd6 Rxc5 27. Ne4 Rcf5 28. Ng5 Bc8 29. Nxe6 Bxe6 30. Rxe6 Qd7 31. Re1 R5f7 32. h3 f3 33. g3 h5 34. Rh4 Re8 35. Qc3 Rxe1+ 36. Qxe1 Re7 37. Re4 Qxh3 0-1


[Site "https://www.chess.com"]

[Event "Titled Tuesday Blitz May 17 Late 2022"]
[White "Kozak, Adam"]
[Black "Wagner, Dennis"]
[WhiteFideId "753246"]
[BlackFideId "24650684"]
[WhiteElo "2459"]
[BlackElo "2355"]
[Result "1/2-1/2"]
[Round "10"]
[TimeControl "180+1"]
[Date "2022.05.17"]
[WhiteClock "0:01:20"]
[BlackClock "0:00:03"]

1. Nf3 g6 2. c4 Bg7 3. Nc3 e5 4. d4 exd4 5. Nxd4 Nc6 6. Nxc6 bxc6 7. g3 Nf6 8. Bg2 O-O 9. O-O Rb8 10. b3 d5 11. cxd5 cxd5 12. Ba3 Re8 13. Rc1 c6 14. Re1 h5 15. Bc5 a5 16. e4 Bg4 17. Qd2 dxe4 18. Qxd8 Rbxd8 19. Nxe4 Nxe4 20. Rxe4 Rxe4 21. Bxe4 Bh3 22. Be3 Bb2 23. Rb1 Bc3 24. Bxc6 Bb4 25. Bg2 Bxg2 26. Kxg2 Ra8 27. Bd4 a4 28. bxa4 Rxa4 29. Bf6 Kh7 30. h4 Ra6 31. Rxb4 Rxf6 32. Rb2 Ra6 33. Kf3 Kg7 34. Ke4 Kf6 35. Kd5 Kf5 36. Kc5 Kg4 37. Kb5 Ra3 38. Kb4 Ra8 39. a4 f6 40. a5 g5 41. Ka4 gxh4 42. Rb4+ Kf3 43. Rf4+ Kg2 44. gxh4 Kh3 45. Kb5 Rb8+ 46. Kc6 Rc8+ 47. Kb5 Rb8+ 48. Kc6 Ra8 49. Kb6 Rb8+ 50. Kc6 1/2-1/2


[Site "https://www.chess.com"]

[Event "Titled Tuesday Blitz May 17 Late 2022"]
[White "Kruckenhauser, Arthur"]
[Black "Kobo, Ori"]
[WhiteFideId "1642812"]
[BlackFideId "2812320"]
[WhiteElo "2243"]
[BlackElo "2420"]
[Result "0-1"]
[Round "10"]
[TimeControl "180+1"]
[Date "2022.05.17"]
[WhiteClock "0:00:22"]
[BlackClock "0:00:15"]

1. e4 g6 2. h4 Nf6 3. e5 Nh5 4. d4 d6 5. Nf3 Nc6 6. e6 fxe6 7. Ng5 Bg7 8. c3 h6 9. Bd3 hxg5 10. Bxg6+ Kd7 11. Bxh5 gxh4 12. Rxh4 Bf6 13. Rh3 Qf8 14. Nd2 Kd8 15. Bg4 e5 16. Bxc8 Rxc8 17. d5 Nb8 18. Ne4 Nd7 19. Be3 Rxh3 20. gxh3 Qg8 21. Qg4 Qxd5 22. h4 c5 23. h5 Kc7 24. Rd1 Qf7 25. Ng3 Nb6 26. h6 Rg8 27. Qf5 Rh8 28. Ne4 Nd5 29. Ng5 Nxe3 30. fxe3 Qg8 31. Ne4 Qg1+ 32. Kd2 Qg2+ 33. Kc1 Rxh6 34. Nxc5 Rh1 35. Qd7+ Kb6 36. Na4+ Ka6 37. Rxh1 Qxh1+ 38. Kc2 Qg2+ 39. Kb3 Qc6 40. Qe6 Qb5+ 41. Ka3 Qc6 42. b3 b5 43. Nb2 Qxc3 44. Nd3 Qxd3 45. Qc8+ Kb6 46. Qb8+ Kc6 47. Qc8+ Kd5 48. e4+ Kxe4 49. Qg4+ Ke3 50. Qg3+ Kd2 51. Qf2+ Qe2 52. Qxa7 e4 53. Qa5+ Bc3 54. Qd8 b4+ 55. Ka4 Qa6+ 56. Qa5 Qxa5+ 57. Kxa5 e3 58. a4 bxa3+ 59. Kb5 a2 60. Kc4 a1=Q 61. b4 Qb2 62. b5 Qb4+ 63. Kd5 Qxb5+ 64. Ke6 Qe5+ 65. Kd7 e2 66. Kd8 d5 67. Ke8 d4 68. Kd8 d3 69. Ke8 e1=Q 70. Kd8 Qh4 71. Ke8 Qhh8+ 72. Kf7 Qef6# 0-1


[Site "https://www.chess.com"]

[Event "Titled Tuesday Blitz May 17 Late 2022"]
[White "Martinez Reyes, Pedro Ramon"]
[Black "Shuvalova, Polina"]
[WhiteFideId "3901807"]
[BlackFideId "24171760"]
[WhiteElo "2410"]
[BlackElo "2355"]
[Result "0-1"]
[Round "10"]
[TimeControl "180+1"]
[Date "2022.05.17"]
[WhiteClock "0:00:10"]
[BlackClock "0:01:20"]

1. Nf3 Nf6 2. b3 e6 3. Bb2 d5 4. g3 Be7 5. Bg2 O-O 6. O-O c5 7. e3 b6 8. Qe2 Bb7 9. c4 Nc6 10. d3 Qc7 11. Re1 Rad8 12. Nbd2 Qc8 13. Red1 Qa8 14. Ne1 h6 15. h3 Rd7 16. e4 dxe4 17. Nxe4 Nd4 18. Bxd4 Rxd4 19. Nc2 Rd7 20. a3 Rfd8 21. Nxf6+ Bxf6 22. Bxb7 Qxb7 23. Rab1 b5 24. Ne3 Bd4 25. cxb5 Bxe3 26. Qxe3 Qxb5 27. a4 Qb4 28. Rbc1 Rd4 29. Rb1 R8d5 30. h4 Qc3 31. Rdc1 Qxd3 32. Qxd3 Rxd3 33. b4 cxb4 34. Rxb4 Rd1+ 35. Rxd1 Rxd1+ 36. Kg2 Ra1 37. Rb8+ Kh7 38. Rb7 Rxa4 39. Rxf7 Kg6 40. Rb7 Ra2 41. Kf3 a5 42. g4 a4 43. Ke3 Kf6 44. f4 a3 45. g5+ hxg5 46. hxg5+ Kg6 47. Re7 Ra1 48. Rxe6+ Kf7 49. Ra6 a2 50. g6+ Ke7 51. Ra7+ Kf6 52. Ra6+ Kf5 53. Ra5+ Kxg6 54. f5+ Kh7 55. f6 gxf6 56. Kf4 Rf1+ 57. Kg4 a1=Q 0-1


[Site "https://www.chess.com"]

[Event "Titled Tuesday Blitz May 17 Late 2022"]
[White "Moral Garcia, Serafin"]
[Black "Rustemov, Alexander"]
[WhiteFideId "2201925"]
[BlackFideId "4119002"]
[WhiteElo "2228"]
[BlackElo "2802"]
[Result "0-1"]
[Round "10"]
[TimeControl "180+1"]
[Date "2022.05.17"]
[WhiteClock "0:01:02"]
[BlackClock "0:01:05"]

1. e4 e6 2. d4 d5 3. Nd2 dxe4 4. Nxe4 Bd7 5. Nf3 Bc6 6. Bd3 Nd7 7. O-O Ngf6 8. Ng3 Be7 9. Re1 O-O 10. c4 Bb4 11. Bd2 Bxf3 12. gxf3 Bxd2 13. Qxd2 c5 14. Bc2 cxd4 15. Qxd4 Qb6 16. Rad1 Qxd4 17. Rxd4 a5 18. b3 Rfd8 19. Red1 Kf8 20. Ne4 Ke7 21. Nxf6 Nxf6 22. a3 Rxd4 23. Rxd4 b6 24. Kf1 h6 25. Ke2 Nd7 26. Ke3 Nc5 27. Rd1 g6 28. Rd2 f5 29. f4 g5 30. Rd1 g4 31. h3 h5 32. hxg4 hxg4 33. Rh1 Nd7 34. Rh7+ Kd6 35. Rg7 Rh8 36. Bd1 Rh3+ 37. Kd2 Nc5 38. b4 axb4 39. axb4 Ne4+ 40. Ke1 Rh1+ 0-1


[Site "https://www.chess.com"]

[Event "Titled Tuesday Blitz May 17 Late 2022"]
[White "Moroni, Luca Jr"]
[Black "Paravyan, David"]
[WhiteFideId "865834"]
[BlackFideId "4194985"]
[WhiteElo "2573"]
[BlackElo "2569"]
[Result "0-1"]
[Round "10"]
[TimeControl "180+1"]
[Date "2022.05.17"]
[WhiteClock "0:00:01"]
[BlackClock "0:00:06"]

1. d4 Nf6 2. c4 g6 3. Nc3 d5 4. cxd5 Nxd5 5. e4 Nxc3 6. bxc3 Bg7 7. Bb5+ c6 8. Ba4 O-O 9. Ne2 c5 10. O-O cxd4 11. cxd4 Nc6 12. Be3 Bg4 13. f3 Bd7 14. Rc1 Rc8 15. d5 Na5 16. Rxc8 Qxc8 17. Bxd7 Qxd7 18. Bxa7 e6 19. Bf2 exd5 20. Qxd5 Qxd5 21. exd5 Rd8 22. Rd1 Nc4 23. Bh4 Rd7 24. Kf2 Bf8 25. Bg5 Bc5+ 26. Kg3 Bd6+ 27. Kh3 Be5 28. Bh6 Bg7 29. Bxg7 Kxg7 30. Nc3 b6 31. Rd4 Nd6 32. Rb4 Rb7 33. a4 Kf6 34. Ne4+ Ke5 35. Nxd6 Kxd6 36. Rb5 Ra7 37. Rxb6+ Kxd5 38. Rb4 Kc5 39. Rf4 f5 40. g4 fxg4+ 41. Kxg4 Kd6 42. Kg5 Ra5+ 43. Kf6 Rh5 44. h4 Kc5 45. Kg7 Kb6 46. Rg4 Ka6 47. Re4 Kb6 48. Kg8 Ka6 49. Rg4 Kb6 50. f4 Ka6 51. Kg7 Kb6 52. Kf6 Ka6 53. Ke6 Kb6 54. Kd6 Ka6 55. Kc6 Rf5 56. Kd6 Kb6 57. Ke6 Ka6 58. Ke7 Kb6 59. Kd6 Ka6 60. Kc6 Ka7 61. Kc7 Ka6 62. Kc8 Kb6 63. Kd7 Ka6 64. Kc7 Ka7 65. Rg5 Rf7+ 66. Kc6 Rxf4 67. Ra5+ Kb8 68. h5 Rf6+ 69. Kd7 Rf5 70. Ra6 Rxh5 71. Rf6 Kb7 72. Kd6 Kb6 73. Ke7+ Ka5 74. Kf7 Rf5 75. Rxf5+ gxf5 0-1


[Site "https://www.chess.com"]

[Event "Titled Tuesday Blitz May 17 Late 2022"]
[White "Nazari, Arad"]
[Black "Domingo Nunez, Alejandro"]
[WhiteFideId "12577324"]
[BlackFideId "22245561"]
[WhiteElo "2129"]
[BlackElo "2215"]
[Result "0-1"]
[Round "10"]
[TimeControl "180+1"]
[Date "2022.05.17"]
[WhiteClock "0:00:07"]
[BlackClock "0:00:07"]

1. e4 g6 2. d4 Bg7 3. Nc3 c6 4. f4 d5 5. e5 f6 6. Nf3 Nh6 7. Bd3 O-O 8. Be3 fxe5 9. fxe5 Bg4 10. O-O Nf5 11. Bxf5 Rxf5 12. h3 Bxf3 13. Rxf3 Qf8 14. Qe2 Nd7 15. Raf1 Qf7 16. Rxf5 gxf5 17. Qf2 Rf8 18. Ne2 c5 19. c3 e6 20. Qg3 Qg6 21. Qxg6 hxg6 22. Nf4 Kf7 23. g4 cxd4 24. cxd4 Rc8 25. gxf5 gxf5 26. Nh5 Bf8 27. Kg2 Nb6 28. b3 Rc3 29. Rf3 a5 30. Bf4 Rc2+ 31. Rf2 Rc6 32. Bd2 a4 33. Ba5 axb3 34. axb3 Nc8 35. Nf6 Be7 36. Nh5 Na7 37. Kf3 Nb5 38. Ke3 Nxd4 39. Rg2 Nxb3 40. Rg7+ Kf8 41. Be1 Rc4 42. Rh7 Bg5+ 43. Kf3 Nd4+ 44. Kg2 Rc2+ 45. Kf1 Nf3 46. Bb4+ Kg8 47. Rg7+ Kh8 48. Be7 Be3 49. Rg2 Rxg2 50. Kxg2 Nd2 51. Bf6+ Kg8 52. Ng7 Kf7 53. h4 Ne4 54. Nh5 Bd4 55. Bh8 b5 56. Nf4 b4 57. Nd3 b3 58. Kf3 b2 59. Nxb2 Bxb2 60. h5 Kg8 61. Kf4 Kxh8 0-1


[Site "https://www.chess.com"]

[Event "Titled Tuesday Blitz May 17 Late 2022"]
[White "Ohanyan, Emin"]
[Black "Gurevich, Dmitry"]
[WhiteFideId "13312022"]
[BlackFideId "2000407"]
[WhiteElo "1927"]
[BlackElo "2506"]
[Result "1-0"]
[Round "10"]
[TimeControl "180+1"]
[Date "2022.05.17"]
[WhiteClock "0:00:02"]
[BlackClock "0:00:01"]

1. e4 c5 2. Nf3 d6 3. d4 cxd4 4. Nxd4 Nf6 5. Nc3 Nc6 6. Bc4 Bd7 7. Bb3 g6 8. O-O Bg7 9. Nxc6 Bxc6 10. f3 O-O 11. Be3 b5 12. Qd2 a5 13. a4 b4 14. Nb5 Bxb5 15. axb5 Qb8 16. b6 Rc8 17. Ra4 Ra6 18. Rfa1 Rxb6 19. Bxb6 Qxb6+ 20. Qf2 Nd7 21. Qxb6 Nxb6 22. Rxa5 Bxb2 23. R1a2 Bc3 24. Rb5 Nd7 25. Ra7 Bd4+ 26. Kf1 Bxa7 27. Rb7 Nc5 28. Rxa7 Kf8 29. Ba2 Ne6 30. Bxe6 fxe6 31. Rb7 Rc4 32. h3 g5 33. Kg1 h5 34. Rb5 e5 35. Kh2 h4 36. Kg1 Ke8 37. Rb7 Kd8 38. Kf1 Kc8 39. Rxe7 Rxc2 40. Re8+ Kc7 41. Re7+ Kb6 42. Re8 Rc7 43. Ke2 b3 44. Kd2 Rb7 45. Kc1 Kc5 46. Re6 Kd4 47. Rxd6+ Ke3 48. Rg6 Kf4 49. Kb2 Rb8 50. Rf6+ 1-0


[Site "https://www.chess.com"]

[Event "Titled Tuesday Blitz May 17 Late 2022"]
[White "Omariev, Maksim"]
[Black "Matinian, Nikita"]
[WhiteFideId "4193423"]
[BlackFideId "24129100"]
[WhiteElo "2519"]
[BlackElo "2422"]
[Result "0-1"]
[Round "10"]
[TimeControl "180+1"]
[Date "2022.05.17"]
[WhiteClock "0:00:01"]
[BlackClock "0:01:00"]

1. b3 Nf6 2. Bb2 g6 3. g4 h6 4. Bg2 d6 5. h3 Bg7 6. c4 O-O 7. Nc3 e5 8. Qc2 Nc6 9. e3 Nb4 10. Qb1 Re8 11. a3 Nc6 12. Nge2 h5 13. gxh5 Nxh5 14. Qc2 Bf5 15. d3 Qg5 16. Bf3 Nd4 17. exd4 exd4 18. Nd5 c6 19. Nc7 Nf4 20. Bc1 Bxd3 21. Bxf4 Qf5 22. Qd2 Bxe2 23. Bxe2 d3 24. Nxe8 Rxe8 25. O-O-O Rxe2 26. Qxd3 Qxf4+ 27. Rd2 Rxf2 0-1


[Site "https://www.chess.com"]

[Event "Titled Tuesday Blitz May 17 Late 2022"]
[White "Oparin, Grigoriy"]
[Black "Lamaze, Simon"]
[WhiteFideId "24125890"]
[BlackFideId "36069264"]
[WhiteElo "2665"]
[BlackElo "1999"]
[Result "1/2-1/2"]
[Round "10"]
[TimeControl "180+1"]
[Date "2022.05.17"]
[WhiteClock "0:00:19"]
[BlackClock "0:00:18"]

1. Nc3 d5 2. e4 d4 3. Nce2 e5 4. Ng3 Be6 5. c3 c5 6. Bb5+ Nc6 7. Nf3 Bd6 8. d3 Ne7 9. O-O h6 10. Nh4 Qd7 11. c4 a6 12. Bxc6 Nxc6 13. Nhf5 Bf8 14. f4 g6 15. fxe5 Nxe5 16. Bf4 Nxc4 17. dxc4 gxf5 18. exf5 Bxc4 19. Re1+ Kd8 20. Rc1 Bd5 21. Be5 Rg8 22. Bf6+ Kc8 23. Qxd4 Bc6 24. Qxd7+ Kxd7 25. Rcd1+ Kc7 26. Be7 h5 27. Rd2 h4 28. Nh5 Kb6 29. Nf6 Bxe7 30. Rxe7 Rg5 31. Nd7+ Kb5 32. a4+ Kb4 33. Ne5 Rxf5 34. Nxc6+ bxc6 35. Rb7+ Kc4 36. Rc2+ Kd3 37. Rc3+ Ke2 38. Re7+ Kd2 39. Rd7+ Ke2 40. Rc2+ Ke1 41. Rc1+ Ke2 42. Re7+ Kd2 43. Rc4 Rb8 44. Rd7+ Ke3 45. Rc2 Rb4 46. h3 Rxa4 47. Rc3+ Ke2 48. Kh2 Re4 49. Rc2+ Ke3 50. Rd1 Rd4 51. Re1+ Kf4 52. Rf1+ Ke5 53. Rxc5+ Rd5 54. Rxf5+ Kxf5 55. Rxc6 Rb5 56. Rc2 Rb4 57. Rf2+ Kg6 58. Kg1 f5 59. Kf1 Kg5 60. Ke1 Ra4 61. Rd2 Ra1+ 62. Kf2 a5 63. Rd8 Ra2 64. Rb8 a4 65. Kg1 a3 66. bxa3 Rxa3 67. Rg8+ Kf6 68. Rh8 Kg5 69. Rh7 Ra2 70. Re7 Kf6 71. Re3 Kg5 72. Kf1 Rb2 73. Re2 Rb1+ 74. Kf2 Rb3 75. Re3 Rb2+ 76. Kf3 Rb1 77. Rd3 Rf1+ 78. Ke2 Ra1 79. Rd8 Ra2+ 80. Kf3 Ra3+ 81. Kf2 Ra2+ 82. Kf1 Kf4 83. Rg8 Ke3 84. Kg1 Kf4 85. Kh2 Ra6 86. Rg7 Rb6 87. Rg8 Rb7 88. Rg6 Rb5 89. Rg8 Rb6 90. Ra8 Kg5 91. Ra4 Re6 92. Ra2 Re4 93. Kg1 Rb4 94. Kf2 Kf4 95. Rc2 Rd4 96. Ke2 Re4+ 97. Kf2 Rd4 98. Rc3 Rd2+ 99. Kf1 Rd4 100. Ke2 Re4+ 101. Kf2 Rd4 102. Rf3+ Kg5 103. Re3 Kf4 104. Re2 Rd3 105. Re8 Rd2+ 106. Kg1 Rd4 107. Kh2 Kg5 108. Rg8+ Kf6 109. Rh8 Kg5 110. Rg8+ Kf6 111. Kg1 Rd1+ 112. Kf2 Rd4 113. Ke3 Ra4 114. Kf3 Ra3+ 115. Ke2 Ra2+ 116. Kd3 Ra3+ 1/2-1/2


[Site "https://www.chess.com"]

[Event "Titled Tuesday Blitz May 17 Late 2022"]
[White "Ostrovskiy, Aleksandr"]
[Black "Donchenko, Alexander"]
[WhiteFideId "2034239"]
[BlackFideId "24603295"]
[WhiteElo "2340"]
[BlackElo "2572"]
[Result "1-0"]
[Round "10"]
[TimeControl "180+1"]
[Date "2022.05.17"]
[WhiteClock "0:00:37"]
[BlackClock "0:00:41"]

1. d4 Nf6 2. Bf4 d5 3. e3 c5 4. c3 Nc6 5. Nd2 Bg4 6. Ngf3 e6 7. Qa4 Nd7 8. Bb5 Qb6 9. Ne5 Ndxe5 10. dxc5 Bxc5 11. Bxe5 Bh5 12. g4 Bg6 13. Bxg7 Rg8 14. Bd4 e5 15. Bxe5 Bxe3 16. O-O-O Bh6 17. Bd4 Qc7 18. Rhe1+ Kd7 19. Be3 Bxe3 20. Rxe3 Rge8 21. Nc4 Rxe3 22. Rxd5+ Ke7 23. Nxe3 Qxh2 24. Bxc6 bxc6 25. Qxc6 Qxf2 26. Qc5+ Kf6 27. Rd6+ Kg7 28. Nf5+ 1-0


[Site "https://www.chess.com"]

[Event "Titled Tuesday Blitz May 17 Late 2022"]
[White "Pap, Gyula"]
[Black "Gabrielian, Artur"]
[WhiteFideId "725323"]
[BlackFideId "4131002"]
[WhiteElo "2553"]
[BlackElo "2440"]
[Result "1-0"]
[Round "10"]
[TimeControl "180+1"]
[Date "2022.05.17"]
[WhiteClock "0:01:41"]
[BlackClock "0:01:09"]

1. d4 Nf6 2. c4 c5 3. d5 e6 4. Nc3 exd5 5. cxd5 d6 6. Nf3 g6 7. Bf4 Bg7 8. Qa4+ Bd7 9. Qb3 b5 10. Nxb5 Bxb5 11. Qxb5+ Nbd7 12. Bxd6 Ne4 13. Be5 O-O 14. Bxg7 Kxg7 15. Qa4 Kg8 16. Qxe4 Kg7 17. Qc2 Rb8 18. e4 Nf6 19. Be2 Qa5+ 20. Nd2 Qb4 21. O-O Rfe8 22. b3 Nxd5 23. exd5 Rxe2 24. Rad1 Rbe8 25. Qd3 1-0


[Site "https://www.chess.com"]

[Event "Titled Tuesday Blitz May 17 Late 2022"]
[White "Petrovic, Aleksa"]
[Black "Leitao, Rafael"]
[WhiteFideId "967629"]
[BlackFideId "2101246"]
[WhiteElo "2144"]
[BlackElo "2609"]
[Result "0-1"]
[Round "10"]
[TimeControl "180+1"]
[Date "2022.05.17"]
[WhiteClock "0:00:11"]
[BlackClock "0:00:11"]

1. d4 Nf6 2. c4 e6 3. Nf3 d5 4. Nc3 Bb4 5. cxd5 exd5 6. Bg5 h6 7. Qa4+ Nc6 8. Bxf6 Qxf6 9. Ne5 O-O 10. Nxc6 Bxc3+ 11. bxc3 bxc6 12. e3 c5 13. Be2 cxd4 14. Qxd4 Qd6 15. Bf3 Be6 16. O-O c5 17. Qd3 Rfd8 18. Rfd1 Qc7 19. Rd2 Rab8 20. Rad1 Qa5 21. Qc2 c4 22. h3 g6 23. Rd4 Bf5 24. Qd2 Bd3 25. e4 dxe4 26. Rxd8+ Rxd8 27. Bxe4 Kg7 28. Bxd3 Rxd3 29. Qc2 Rxd1+ 30. Qxd1 Qxc3 31. Qd5 Qc1+ 32. Kh2 Qf4+ 33. Kg1 c3 34. Qc5 Qd2 35. Qe5+ Kh7 36. Qf6 Kg8 37. h4 c2 38. h5 c1=Q+ 39. Kh2 Qf4+ 0-1


[Site "https://www.chess.com"]

[Event "Titled Tuesday Blitz May 17 Late 2022"]
[White "Proudian, Armen"]
[Black "Tristan, Leonardo"]
[WhiteFideId "2130734"]
[BlackFideId "113816"]
[WhiteElo "2380"]
[BlackElo "2404"]
[Result "0-1"]
[Round "10"]
[TimeControl "180+1"]
[Date "2022.05.17"]
[WhiteClock "0:00:30"]
[BlackClock "0:00:46"]

1. e4 d5 2. exd5 Qxd5 3. Nc3 Qa5 4. Bc4 Nf6 5. d4 Bg4 6. Ne2 Nc6 7. f3 Bf5 8. O-O O-O-O 9. Kh1 e5 10. Bxf7 exd4 11. Ne4 Nxe4 12. fxe4 Bxe4 13. Ng3 Bd5 14. Qg4+ Kb8 15. Bg5 Ne5 16. Qh4 Rc8 17. Bxd5 Qxd5 18. Rad1 Bc5 19. Qe4 Qxe4 20. Nxe4 Bb6 21. Be7 Rhe8 22. Bc5 Nc4 23. Rxd4 Ne3 24. Rf3 Nxc2 25. Bxb6 Nxd4 26. Bxd4 Rxe4 27. Bf2 Rce8 28. h3 g6 29. Rf7 R4e7 30. Rf6 b6 31. Bd4 Kb7 32. Bc3 Re6 33. Rf7 R8e7 34. Rf8 Re2 35. Kh2 c5 36. Rf4 Kc6 37. a4 a6 38. a5 b5 39. Rf6+ R2e6 40. Rf8 b4 41. Bf6 Rd7 42. Rc8+ Kb5 43. Bd8 Re8 44. Rb8+ Kc4 45. Bc7 Rxb8 46. Bxb8 Kb3 0-1


[Site "https://www.chess.com"]

[Event "Titled Tuesday Blitz May 17 Late 2022"]
[White "Riehle, Marco"]
[Black "Jobava, Baadur"]
[WhiteFideId "12904392"]
[BlackFideId "13601520"]
[WhiteElo "2462"]
[BlackElo "2617"]
[Result "1/2-1/2"]
[Round "10"]
[TimeControl "180+1"]
[Date "2022.05.17"]
[WhiteClock "0:00:24"]
[BlackClock "0:00:21"]

1. e4 c6 2. c4 d5 3. exd5 cxd5 4. cxd5 Nf6 5. Nc3 Nxd5 6. Nf3 Nc6 7. Bb5 Nc7 8. Bxc6+ bxc6 9. O-O Bg4 10. h3 Bh5 11. g4 Bg6 12. Qa4 f6 13. Qxc6+ Qd7 14. Qxd7+ Kxd7 15. d4 e6 16. Bf4 h5 17. Rac1 hxg4 18. hxg4 Rc8 19. Kg2 Bb4 20. Bd2 Bd6 21. Rh1 Rxh1 22. Kxh1 Nd5 23. Nxd5 Rxc1+ 24. Bxc1 exd5 25. Ng1 Bb1 26. a3 a5 27. Kg2 a4 28. Ne2 Kc6 29. Bf4 Be7 30. Nc3 Be4+ 31. Kg3 Bc2 32. Bd2 Bd6+ 33. Kh4 g5+ 34. Kh5 Bd3 35. Kh6 Bf8+ 36. Kh5 Bc2 37. f4 gxf4 38. Bxf4 Be7 39. Kh6 Bf8+ 40. Kh5 Be7 41. Kh4 Bd8 42. Kg3 Bb6 43. Be3 Bc7+ 44. Bf4 Bb6 45. Be3 Kd6 46. Kf2 Ke6 47. Ke2 Bb3 48. Kd2 Ba5 49. Ke2 Bc4+ 50. Kf3 Bb3 51. Kg3 Kf7 52. Kf3 Kg6 53. Kg3 Bc7+ 54. Kf3 Bb6 55. Ne2 Bd1 56. Kf2 Bb3 57. Nf4+ Kf7 58. Ne2 Bc7 59. Bf4 Bd8 60. Be3 Bb6 61. Nf4 Ba5 62. Ne2 Bd8 63. Nf4 Bc4 64. Ne2 Bc7 65. Nc1 Kg6 66. Ke1 f5 67. gxf5+ Kxf5 68. Kd2 Ba5+ 69. Kc2 Ke4 70. Bg1 Bb6 71. b3 Bb5 72. bxa4 Bxa4+ 73. Kc3 Ba5+ 74. Kb2 Bb6 75. Ne2 Kd3 76. Nc1+ Kc4 77. Ne2 Ba5 78. Be3 Bd1 79. Nc1 Bc3+ 80. Kb1 Ba4 81. Bg1 Bd2 82. Kb2 Bc3+ 83. Kb1 Be8 84. Bf2 Bg6+ 85. Ka2 Bc2 86. Bg1 Bg6 87. Bf2 Be4 88. Bg1 Be1 89. Kb2 Bd2 90. Bf2 Bc3+ 91. Ka2 Bc2 92. Bg1 Kb5 93. Bf2 Ka4 94. Bg1 Bd1 95. Bf2 Bg4 96. Bg1 Bc8 97. Nb3 Kb5 98. Nc1 Kc4 99. Bf2 Bf5 100. Bg1 Bd2 101. Kb2 Bc3+ 102. Ka2 Bxd4 103. Bxd4 Kxd4 104. Kb3 Ke3 105. a4 d4 106. a5 Bc8 107. Kc4 Ba6+ 108. Kc5 Bf1 109. Kd5 Ba6 110. Kc5 Bf1 111. Kd5 d3 112. Nxd3 Bxd3 113. a6 Bxa6 1/2-1/2


[Site "https://www.chess.com"]

[Event "Titled Tuesday Blitz May 17 Late 2022"]
[White "Risteski, Emil"]
[Black "Mikhailov, Viacheslav"]
[WhiteFideId "15005267"]
[BlackFideId "4187369"]
[WhiteElo "2070"]
[BlackElo "2381"]
[Result "0-1"]
[Round "10"]
[TimeControl "180+1"]
[Date "2022.05.17"]
[WhiteClock "0:00:10"]
[BlackClock "0:00:07"]

1. e4 d6 2. d4 Nf6 3. f3 g6 4. Be3 Bg7 5. Qd2 O-O 6. h4 e5 7. d5 c6 8. c4 cxd5 9. cxd5 h5 10. Nh3 Bxh3 11. Rxh3 Nbd7 12. Nc3 Qa5 13. Nb5 Qd8 14. Nxd6 a6 15. Nc4 Rc8 16. Rh1 Nc5 17. Bd3 Nxd3+ 18. Qxd3 Nd7 19. b4 f5 20. d6 Kh7 21. Rd1 Qf6 22. Nb6 Nxb6 23. Bxb6 fxe4 24. Qxe4 Rc6 25. Bc7 Qe6 26. Qd5 Qd7 27. Rf1 e4 28. fxe4 Rxf1+ 29. Kxf1 Qg4 30. d7 Rc2 31. Rd2 Rc1+ 32. Kf2 Qxh4+ 33. Bg3 Qf6+ 34. Ke3 Bh6+ 35. Kd3 Qf1+ 36. Kd4 Bg7+ 37. e5 Qg1+ 38. Bf2 Qh2 39. d8=Q Qf4+ 40. Qe4 Qxd2+ 41. Qd3 Qxd3+ 42. Kxd3 Rd1+ 43. Ke4 Rxd8 44. Bd4 Re8 45. e6 Bxd4 46. Kd5 Bb6 47. Kd6 Bd8 48. Kd7 Re7+ 49. Kxd8 Rxe6 50. Kc7 Re4 51. Kxb7 Rxb4+ 52. Kxa6 Ra4+ 53. Kb5 Rxa2 54. g4 hxg4 0-1


[Site "https://www.chess.com"]

[Event "Titled Tuesday Blitz May 17 Late 2022"]
[White "Rozovsky, Daniel"]
[Black "Ivanisevic, Ivan"]
[WhiteFideId "2020904"]
[BlackFideId "912417"]
[WhiteElo "2645"]
[BlackElo "2495"]
[Result "0-1"]
[Round "10"]
[TimeControl "180+1"]
[Date "2022.05.17"]
[WhiteClock "0:00:03"]
[BlackClock "0:01:16"]

1. e4 c5 2. Nf3 d6 3. d4 cxd4 4. Nxd4 Nf6 5. Nc3 Nc6 6. Bc4 Bd7 7. Bb3 g6 8. f3 Nxd4 9. Qxd4 Bg7 10. Be3 O-O 11. Qd2 b5 12. Bh6 a5 13. a4 bxa4 14. Bxa4 Be6 15. h4 Qb6 16. Bxg7 Kxg7 17. Bb5 h5 18. g4 hxg4 19. h5 Rh8 20. O-O-O Rxh5 21. Rxh5 Nxh5 22. fxg4 Bxg4 23. Rf1 Rc8 24. b3 Be6 25. Be2 Qb4 26. Kb2 a4 27. Rf3 axb3 28. Rd3 bxc2+ 29. Kc1 Qa3+ 30. Kxc2 Bb3+ 31. Kb1 Rb8 32. Rh3 Be6+ 33. Nb5 Bxh3 34. Qd4+ e5 35. Qd5 Be6 36. Kc2 0-1


[Site "https://www.chess.com"]

[Event "Titled Tuesday Blitz May 17 Late 2022"]
[White "Rychagov, Andrey"]
[Black "Karttunen, Mika"]
[WhiteFideId "4119932"]
[BlackFideId "502081"]
[WhiteElo "2500"]
[BlackElo "2343"]
[Result "1/2-1/2"]
[Round "10"]
[TimeControl "180+1"]
[Date "2022.05.17"]
[WhiteClock "0:00:03"]
[BlackClock "0:00:09"]

1. d4 Nf6 2. c4 g6 3. Nf3 Bg7 4. Nc3 O-O 5. e4 d6 6. Be2 e5 7. O-O Nc6 8. d5 Ne7 9. Ne1 Nd7 10. Nd3 f5 11. Bd2 a5 12. Rc1 b6 13. b3 Nf6 14. f3 f4 15. a3 g5 16. b4 Ng6 17. c5 Rf7 18. cxd6 cxd6 19. Nf2 h5 20. bxa5 bxa5 21. h3 Bf8 22. Nb5 Rg7 23. Qc2 Ne8 24. a4 Nh4 25. Qd3 Qf6 26. Rc6 Bd7 27. Rfc1 Qg6 28. Rb6 g4 29. fxg4 hxg4 30. Bxg4 Bxg4 31. Nxg4 Nf6 32. Qe2 Nxg4 33. hxg4 Qxg4 34. Qxg4 Rxg4 35. Be1 Nxg2 36. Kf2 Ne3 37. Kf3 Rg1 38. Nxd6 Bxd6 39. Rxd6 Rb8 40. Re6 Rb3 41. Rc3 Rxc3 42. Bxc3 Rg3+ 43. Ke2 Nxd5 44. Bxe5 Re3+ 45. Kf2 Rxe4 46. Kf3 Re3+ 47. Kg4 Nc3 48. Kf5 f3 49. Kg6 Rxe5 50. Rxe5 Kf8 51. Rxa5 Ke7 52. Re5+ Kd6 53. Rf5 Nxa4 54. Rxf3 Nc5 55. Rf5 Ne6 56. Kf6 Nd4 57. Rf2 Nc6 58. Rd2+ Kc5 59. Ke6 Nd4+ 60. Kf6 Nc6 61. Kf5 Nd4+ 62. Ke4 Nc6 63. Rd5+ Kc4 64. Rf5 Nb4 65. Rf8 Kc5 66. Rc8+ Nc6 67. Rxc6+ Kxc6 1/2-1/2


[Site "https://www.chess.com"]